 Dungeon Crawl Stone Soup version 0.30-a0-760-g5a9884bb7c (webtiles) character file.

Game seed: 12339587194734316706

28 ASSMAN the Scratcher (level 3, 0/15 HPs)
             Began as a Felid Transmuter on Feb 11, 2023.
             Killed by divine providence
             ... invoked by an orc priest
              (13 damage)
             ... on level 2 of the Dungeon.
             The game lasted 00:02:05 (722 turns).

ASSMAN the Scratcher (Felid Transmuter)              Turns: 722, Time: 00:02:05

Health: 0/15       AC:  1    Str:  6    XL:     3   Next: 0%
Magic:  7/7        EV: 18    Int: 16    God:
Gold:   107        SH:  0    Dex: 16    Spells: 3/6 levels left
                                        Lives:  0   Deaths: 0

rFire   . . .      SeeInvis +      - Unarmed
rCold   . . .      Faith    .    (shield unavailable)
rNeg    . . .      Spirit   .    (body armour unavailable)
rPois   .          Reflect  .    (helmet unavailable)
rElec   .          Harm     .    (cloak unavailable)
rCorr   .          Rampage  .    (gloves unavailable)
Will    .....                    (boots unavailable)
Stlth   ++                       e - amulet of magic regeneration
HPRegen 0.22/turn                (no ring)
MPRegen 0.50/turn                (no ring)

@: appendages, very slightly contaminated, quick
A: horns 2, very small, claws 1, fangs 3, see invisible, speed 1, shaggy fur 1,
stealthy paws, no weapons or thrown items, no armour, multi-lived
a: End Transformation


You were on level 2 of the Dungeon.
You had temporarily grown beastly horns.
You visited 1 branch of the dungeon, and saw 2 of its levels.

You collected 107 gold pieces.

Inventory:

Jewellery
 e - an amulet of magic regeneration (around neck)
Scrolls
 c - a scroll of identify {unknown}
 d - 3 scrolls of amnesia {unknown}
 f - a scroll of immolation {unknown}
 h - a scroll of magic mapping {unknown}
Potions
 a - a potion of lignification
 b - 3 potions of mutation {unknown}
 g - a potion of curing {unknown}
 i - a potion of invisibility {unknown}
 j - a potion of heal wounds {unknown}
 k - a potion of haste {unknown}


   Skills:
 - Level 1.0 Fighting
 + Level 3.3 Dodging
 + Level 1.7 Stealth
 * Level 3.6 Unarmed Combat
 - Level 2.0 Spellcasting
 + Level 0.0 Translocations
 - Level 2.1 Transmutations


You had 3 spell levels left.
You knew the following spells:

 Your Spells              Type           Power      Damage    Failure   Level
a - Beastly Appendage     Tmut           16%        N/A       9%          1
b - Wereblood             Tmut           8%         N/A       13%         2

Your spell library contained the following spells:

 Spells                   Type           Power      Damage    Failure   Level
 Blink                    Tloc           2%         N/A       30%         2
 Lesser Beckoning         Tloc           2%         N/A       30%         2
 Momentum Strike          Conj/Tloc      2%         3d8       30%         2
 Spider Form              Tmut/Pois      5%         N/A       36%         3
 Ice Form                 Ice/Tmut       5%         N/A       78%         4


Dungeon Overview and Level Annotations

Branches:
Dungeon (2/15)

Altars:

Shops:
D:1 =


Innate Abilities, Weirdness & Mutations

You have temporarily grown beastly horns.
You have sharp claws.
You have razor-sharp teeth.
You have supernaturally acute eyesight. (SInv)
You cover ground quickly. (Speed+)
You are covered in fur. (AC +1)
Your paws help you pounce on unaware monsters.
You are incapable of wielding weapons or throwing items.
You cannot wear armour.
You gain extra lives every three experience levels.


Message History

You kill the bat!
You have reached level 3!
Your experience leads to an increase in your attributes!
Increase (S)trength, (I)ntelligence, or (D)exterity?
You feel clever. x2
Expiring: You have temporarily grown beastly horns.
Your movement speed is quick.
Your attack delay is about 0.9.
Your damage rating with unarmed combat is about 7 (Base [5 + 3 (UC)] x 90% (Str) x 101% (Fight)).
Your horns disappear.
HP restored.
You now have 93 gold pieces (gained 16).
You now have 96 gold pieces (gained 3).
You now have 107 gold pieces (gained 11).
You open the door.
There is an open door here.
There is an open door here.
You see here 6 stones.
You open the door.
An orc comes into view. It is wielding a +0 whip.
There is an open door here.
An orc comes into view. It is wielding a +0 club.
The orc shouts! x2; You hear a shout! x3 2 orcs come into view.
The orc shouts!
Casting: Beastly Appendage (safe; 9% risk of failure)
Confirm with . or Enter, or press ? or * to list all spells.
You grow a pair of large bovine horns.
Casting: Beastly Appendage (safe; 9% risk of failure)
Confirm with . or Enter, or press ? or * to list all spells.
You miscast Wereblood.
You are very lightly contaminated with residual magic.
Nothing appears to happen.
An orc priest comes into view. It is wielding a +0 trident.
You scratch the orc but do no damage. Your claw misses the orc.
The orc hits you with a +0 whip.
Found an escape hatch in the ceiling.
The orc priest calls down the wrath of Beogh upon you.
Beogh smites you!
Ouch! That really hurt!
You die...

#.......# #.......#
#...$o..###
#.........#.
#...........
#.o.......#
#####o........#
#......#'###..# .#
#..@oo.#.# #..###.#
#......#.###..#...##
#......#...#..#.....
#......###.#..#..###
#......+......#..#.#
#......###....#..#.#
#......# ###.....#.#
#.<....# ##.......
#....#.#


You could see an orc priest and 4 orcs.

Vanquished Creatures
  A dart slug (D:1)
  2 endoplasms
  3 giant cockroaches (D:1)
  3 goblins (D:1)
  A hobgoblin (D:1)
  A quokka (D:1)
  A ball python (D:1)
  5 bats
  2 frilled lizards (D:1)
  3 kobolds (D:1)
  A rat (D:1)
23 creatures vanquished.

Notes
Turn   | Place    | Note
-------+----------+-------------------------------------------
     0 | D:1      | ASSMAN the Felid Transmuter began the quest for the Orb.
     0 | D:1      | Reached XP level 1. HP: 9/9 MP: 4/4
   139 | D:1      | Reached skill level 1 in Stealth
   142 | D:1      | Reached XP level 2. HP: 7/12 MP: 4/6
   449 | D:1      | Learned a level 2 spell: Wereblood
   473 | D:1      | Found Ajeatir's Jewellery Boutique.
   634 | D:2      | Reached XP level 3. HP: 13/15 MP: 7/7
   722 | D:2      | Killed from afar by an orc priest

Illustrated notes

Levels and vault maps discovered:
D:1:      dpeg_arrival_erosion, layout_rooms, serial_shops,
          nicolae_shop_hallway_plus, minmay_small_reverse_x
D:2:      layout_basic, kennysheep_generic_room_13

Skill      XL: |  1 |
---------------+----+-----
Dodging        | 3 |  3.3
Stealth        | 1 |  1.7
Fighting       | |  1.0
Unarmed Combat | |  3.6
Spellcasting   | |  2.0
Transmutations | |  2.1

Action                     || total
---------------------------++-------
  Melee: Unarmed           ||    52
         Headbutt          ||    10
         Bite              ||     4
         Punch             ||     1
   Cast: Beastly Appendage ||    10
 Armour: Skin              ||     2
  Dodge: Dodged            ||    51

Table legend: (Time is in decaauts)
 A = Elapsed time spent in this place.
 B = Non-inter-level travel time spent in this place.
 C = Inter-level travel time spent in this place.
 D = Time resting spent in this place.
 E = Time spent auto-exploring this place.
 F = Levels seen in this place.
 G = Mean time per level.
                   A        B        C        D        E       F      G
               +--------+--------+--------+--------+--------+-----+--------+
         Total |    610 |    599 |     11 |      0 |    453 |   2 |  305.0 |
       Dungeon |    610 |    599 |     11 |      0 |    453 |   2 |  305.0 |
               +--------+--------+--------+--------+--------+-----+--------+

Top non-repeatable levels by time:
     D:1: 493 daAuts
     D:2: 117 daAuts
